 Dungeon Crawl Stone Soup version bcrawl-1.12-11-gb93c957c58 (console) character file.

Game seed: 15261673917764826692

147 Lexodia the Covered (level 5, -9/33 HPs)
             Began as a Gargoyle Archaeologist on July 3, 2019.
             Was an Initiate of Ashenzari.
             Killed by divine providence
             ... invoked by an orc priest
              (10 damage)
             ... on level 3 of the Dungeon.
             The game lasted 00:06:29 (2879 turns).

Lexodia the Covered (Gargoyle Archaeologist)        Turns: 2879, Time: 00:06:29

Health: -9/33      AC: 23    Str: 15    XL:     5   Next: 29%
Magic:  0/5        EV: 10    Int: 15    God:    Ashenzari [......]
Gold:   209        SH:  0    Dex:  8    Spells: 4/4 levels left

rFire    . . .     SeeInvis .   m - +2 dagger (protect) (curse)
rCold    . . .     Gourm    .   (no shield)
rNeg     + . .     Faith    .   r - +0 scale mail
rPois    ∞         Spirit   +   b - +1 hat (curse)
rElec    +         Reflect  .   (no cloak)
rCorr    .         Harm     .   d - +1 pair of gloves (curse)
MR       .....                  c - +1 pair of boots (curse)
Stlth    +.........             o - amulet of guardian spirit
HPRegen  0.11/turn              (no ring)
MPRegen  0.09/turn              (no ring)

@: protection aura, flying, studying Armour
A: negative energy resistance 1, electricity resistance, unbreathing,
petrification resistance, rot immunity, AC +4
a: Curse Item, Renounce Religion


You were on level 3 of the Dungeon.
You worshipped Ashenzari.
Ashenzari was noncommittal.
You were not hungry.

You visited 1 branch of the dungeon, and saw 3 of its levels.

You collected 209 gold pieces.

Inventory:

Hand Weapons
 m - a cursed +2 dagger of protection (weapon)
 s - a +0 flail of holy wrath
Armour
 b - a cursed +1 hat (worn)
 c - a cursed +1 pair of boots (worn)
 d - a cursed +1 pair of gloves (worn)
 r - a +0 scale mail (worn)
Jewellery
 o - an amulet of guardian spirit (around neck)
Scrolls
 h - 3 scrolls of identify {unknown}
 i - 4 scrolls of remove curse {unknown}
Books
 e - a manual of Armour
Miscellaneous
 f - an ancient crate
Comestibles
 g - 5 rations {!d}


   Skills:
 + Level 3.7 Fighting
 * Level 5.0 Armour
 - Level 2.4 Dodging
 - Level 4.0 Stealth


You had 4 spell levels left.
You didn't know any spells.
Your spell library was empty.

Dungeon Overview and Level Annotations

Branches:
Dungeon (3/12)

Altars:
Ashenzari


Innate Abilities, Weirdness & Mutations

You are resistant to torment.
Your stone body is resilient. (AC +4)
You are immune to poison.
You resist negative energy. (rN+)
You are resistant to electric shocks. (rElec)
You can survive without breathing.
You are immune to petrification.
You are immune to rotting.


Message History

Found a scroll labeled EFOROMIPRE.
There is an open door here.
You feel better.
It was a potion of flight.
You feel very buoyant.
You fly up into the air.
The orc priest invokes the aid of Beogh against you.
Beogh smites you!
* * * LOW HITPOINT WARNING * * *
The orc hits you but does no damage. The orc priest closely misses you.
You closely miss the orc priest. The orc barely misses you.
The orc priest hits you but does no damage.
You hit the orc priest but do no damage.
Your weapon exudes an aura of protection.
The orc hits you but does no damage. The orc priest completely misses you.
You hit the orc priest.
The orc priest is lightly wounded.
The orc priest invokes the aid of Beogh against you.
Beogh smites you!
You die...

#......# #.#....### #.####.#
#.#....... #.#..#.# #.#....#
###+###.#..#.#####.#....##.
#....>.....................
#.......#..#o#.....#######.
###............o..####
#.'....#######o##...#
#.#....#.....@o.#...#
#.#....#......?.#...#
#.####.#........#...#
#.#....#........#...#
#.#.#..#........#...# #..
#.#.#..#.......?#...#.......#
#.#.#..#........#...#.......#
#.#.#..#........#...#.......#
#.#....##+#######...#.......#


You could see 3 orc priests and an orc.

Vanquished Creatures
  Jessica (D:2)
  A worker ant (D:2)
  3 adders
  A worm (D:1)
  A dart slug (D:2)
  3 leopard geckos
  8 orcs
  3 bats
  2 giant cockroaches (D:1)
  6 goblins
  5 hobgoblins
  2 jackals (D:1)
  7 kobolds
  5 frilled lizards
  7 rats
55 creatures vanquished.

Notes
Turn   | Place    | Note
-------+----------+-------------------------------------------
     0 | D:1      | Lexodia the Gargoyle Archaeologist began the quest for the
                  | Orb.
     0 | D:1      | Reached XP level 1. HP: 12/12 MP: 1/1
   418 | D:1      | Reached XP level 2. HP: 16/17 MP: 2/2
   963 | D:1      | Reached XP level 3. HP: 19/22 MP: 3/3
  1095 | D:1      | Reached skill level 1 in Armour
  1560 | D:2      | Reached skill level 2 in Armour
  1560 | D:2      | Reached XP level 4. HP: 28/28 MP: 4/4
  1616 | D:2      | Reached skill level 3 in Armour
  1677 | D:2      | Noticed Jessica
  1691 | D:2      | Killed Jessica
  1787 | D:2      | Reached skill level 4 in Armour
  2274 | D:3      | Reached XP level 5. HP: 21/32 MP: 5/5
  2710 | D:3      | Reached skill level 5 in Armour
  2740 | D:3      | Found a shattered altar of Ashenzari.
  2786 | D:3      | Became a worshipper of Ashenzari the Shackled
  2876 | D:3      | HP: 1/33 [orc priest/divine providence (11)]
  2879 | D:3      | Killed from afar by an orc priest

Skill      XL: |  1  2  3  4  5 |
---------------+----------------+-----
Stealth        | 4 |  4.0
Fighting       | 2 3 |  3.7
Armour         | 2 4 5 |  5.0
Dodging        | |  2.4

Action                   |  1- 3 |  4- 6 || total
-------------------------+-------+-------++-------
Melee: Unarmed           |   213 |       ||   213
       Dagger            |    35 |   143 ||   178
Invok: Curse Item        |       |     4 ||     4
  Use: Potion            |       |     4 ||     4
       Scroll            |       |     2 ||     2
 Stab: Sleeping          |     5 |     2 ||     7
  Eat: Chunk             |     2 |     5 ||     7
Armor: Robe              |   127 |     9 ||   136
       Scale mail        |       |    55 ||    55
Dodge: Dodged            |   154 |    80 ||   234
